 Dungeon Crawl Stone Soup version 0.30-a0-778-g2ef04afb54 (webtiles) character file.

Game seed: 13112014178216948012

55 IdlyInterested the Trooper (level 3, 0/29 HPs)
             Began as a Demonspawn Fighter on Feb 16, 2023.
             Slain by Sigmund
             ... wielding a +0 scythe
              (1 damage)
             ... on level 2 of the Dungeon.
             The game lasted 00:03:10 (895 turns).

IdlyInterested the Trooper (Demonspawn Fighter)      Turns: 895, Time: 00:03:10

Health: 0/29       AC:  6    Str: 18    XL:     3   Next: 67%
Magic:  3/3        EV:  9    Int:  9    God:
Gold:   102        SH:  4    Dex: 12    Spells: 2/2 levels left

rFire   . . .      SeeInvis .    a - +0 flail
rCold   . . .      Faith    .    c - +0 buckler
rNeg    . . .      Spirit   .    b - +0 scale mail
rPois   .          Reflect  .    (no helmet)
rElec   .          Harm     .    (no cloak)
rCorr   .          Rampage  .    (no gloves)
Will    .....                    (no boots) Stlth
                                 (no amulet)
HPRegen 0.24/turn                (no ring)
MPRegen 0.08/turn                (no ring)

@: flying
A: hooves 1
a: no special abilities


You were on level 2 of the Dungeon.
You visited 1 branch of the dungeon, and saw 2 of its levels.

You collected 102 gold pieces.

Inventory:

Hand Weapons
 a - a +0 flail (weapon)
Missiles
 j - a throwing net (quivered)
Armour
 b - a +0 scale mail (worn)
 c - a +0 buckler (worn)
Potions
 d - 2 potions of might
 e - a potion of flight
 h - 2 potions of brilliance


   Skills:
 - Level 3.0 Fighting
 * Level 3.0 Maces & Flails
 + Level 0.9 Throwing
 - Level 2.6 Armour
 - Level 1.0 Stealth
 - Level 2.6 Shields
 - Level 1.0 Evocations


You had 2 spell levels left.
You didn't know any spells.
Your spell library contained the following spells:

 Spells                   Type           Power      Damage    Failure   Level
 Blink                    Tloc           0%         N/A       95%         2
 Lesser Beckoning         Tloc           0%         N/A       95%         2
 Momentum Strike          Conj/Tloc      0%         3d8       95%         2
 Leda's Liquefaction      Hex/Erth       0%         N/A       100%        4
 Lee's Rapid Deconstruct  Erth           0%         3d4*      100%        5
 Statue Form              Tmut/Erth      0%         N/A       100%        6


Dungeon Overview and Level Annotations

Branches:
Dungeon (2/15)

Altars:

Annotations:
D:2 Sigmund


Innate Abilities, Weirdness & Mutations

You have large cloven feet.


Message History

The jackal barely misses you. Something hits you! The jackal bites you.
You closely miss the jackal.
The jackal is moderately wounded.
The jackal barely misses you. Something hits you.
The jackal bites you but does no damage.
You sock the jackal!
You kill the jackal!
Something hits you but does no damage.
You barely miss the endoplasm. The endoplasm freezes you.
You are frozen.
Something hits you. The endoplasm barely misses you.
You barely miss the endoplasm. Your kick misses the endoplasm.
The endoplasm freezes you.
You are frozen.
You hit the endoplasm.
The endoplasm is moderately wounded.
Something hits you.
* * * LOW HITPOINT WARNING * * *
The endoplasm hits you but does no damage.
You hit the endoplasm. You kick the endoplasm.
The endoplasm is severely wounded.
The endoplasm freezes you.
You are frozen.
* * * LOW HITPOINT WARNING * * *
Something hits you.
* * * LOW HITPOINT WARNING * * *
Unknown command.
It was a potion of flight.
You feel very buoyant.
You fly up into the air.
The endoplasm closely misses you. You block something's attack.
You feel better.
The endoplasm hits you but does no damage.
You hit the endoplasm.
You kill the endoplasm!
Something hits you!
* * * LOW HITPOINT WARNING * * *
Something hits you but does no damage. Something hits you.
You die...

......................(.
.....#.......##.####.##..
####.#.......##.####.##..
#.......##...##.####
#######...###.#.##.#
..#....#.# #...>..#
#.#.####.# ###.####
#.#...##.# #.# #...#@##.#
#.# ##.##†##.# #.#
#.......# .#. ####.#### #
# .... ......# ....#..#
#.##.#.... #. ..##.###


There were no monsters in sight!

Vanquished Creatures
  An adder (D:2)
  A dart slug (D:2)
  A bat (D:1)
  10 endoplasms
  A giant cockroach (D:1)
  3 goblins (D:1)
  2 hobgoblins (D:1)
  4 jackals (D:2)
  4 kobolds (D:1)
  A quokka (D:2)
  5 ball pythons (D:1)
  3 rats (D:1)
36 creatures vanquished.

Vanquished Creatures (others)
  A plant (D:1)
1 creature vanquished.

Grand Total: 37 creatures vanquished

Notes
Turn   | Place    | Note
-------+----------+-------------------------------------------
     0 | D:1      | IdlyInterested the Demonspawn Fighter began the quest for
                  | the Orb.
     0 | D:1      | Reached XP level 1. HP: 18/18 MP: 1/1
    47 | D:1      | Gained mutation: You have large cloven feet. [demonic
                  | ancestry]
    47 | D:1      | Reached XP level 2. HP: 9/24 MP: 2/2
   194 | D:1      | Reached skill level 1 in Stealth
   423 | D:1      | Reached XP level 3. HP: 29/29 MP: 3/3
   462 | D:1      | Reached skill level 1 in Evocations
   483 | D:1      | Found a faded altar of an unknown god.
   876 | D:2      | Noticed Sigmund
   889 | D:2      | HP: 1/29 [something (1)]
   895 | D:2      | Slain by Sigmund

Illustrated notes

Levels and vault maps discovered:
D:1:      wander_arrival_lonely_grave, layout_rooms,
          shapermc_ecumenical_altar_petra, serial_bayou_pond_e, hex_large,
          chequers_hall_statues_corner_a, reono_crystal_passage,
          minmay_hexomino_f4
D:2:      layout_loops_cross, uniq_sigmund

Skill      XL: |  1  2  3 |
---------------+----------+-----
Maces & Flails | 2 3 |  3.0
Stealth        | 1 |  1.0
Evocations     | 1 |  1.0
Fighting       | |  3.0
Throwing       | |  0.9
Armour         | |  2.6
Shields        | |  2.6

Action                     || total
---------------------------++-------
  Melee: Flail             ||   109
         Kick              ||    19
    Use: Scroll            ||     5
         Potion            ||     2
 Armour: Scale mail        ||    60
  Dodge: Dodged            ||    40
  Block: Buckler           ||    18

Table legend: (Time is in decaauts)
 A = Elapsed time spent in this place.
 B = Non-inter-level travel time spent in this place.
 C = Inter-level travel time spent in this place.
 D = Time resting spent in this place.
 E = Time spent auto-exploring this place.
 F = Levels seen in this place.
 G = Mean time per level.
                   A        B        C        D        E       F      G
               +--------+--------+--------+--------+--------+-----+--------+
         Total |    932 |    832 |    100 |     74 |    443 |   2 |  466.0 |
       Dungeon |    932 |    832 |    100 |     74 |    443 |   2 |  466.0 |
               +--------+--------+--------+--------+--------+-----+--------+

Top non-repeatable levels by time:
     D:1: 758 daAuts
     D:2: 173 daAuts
